 Dungeon Crawl Stone Soup version 0.31.0-32-g396128a36d (webtiles) character file.

Game seed: 5401062261142307406

25512 Nanomancer the Mimic (level 13, -12/108 HPs)
             Began as an Octopode Shapeshifter on Apr 7, 2024.
             Was an Initiate of Gozag.
             Mangled by a wolf (13 damage)
             ... in a Gauntlet.
             The game lasted 00:25:57 (16150 turns).

Nanomancer the Mimic (Octopode Shapeshifter)       Turns: 16150, Time: 00:25:58

Health: -12/108    AC: 14    Str: 18    XL:     13   Next: 20%
Magic:  9/14       EV: 11    Int: 23    God:    Gozag
Gold:   1815       SH:  0    Dex: 12    Spells: 4/14 levels left

rFire   . . .        e - melded +1 dagger (venom)
rCold   . . .        (shield currently unavailable)
rNeg    . . .        c - melded +1 hat
rPois   +            (no amulet)
rElec   .            L - ring of flight
rCorr   .            P - ring of poison resistance
SInv    +            I - +6 ring of intelligence
Will    .....        T - +4 ring of protection
Stlth   +++          Y - +4 ring of slaying
HPRegen 0.38/turn    z - ring of wizardry
MPRegen 0.14/turn    Z - ring of wizardry
                     v - ring of see invisible

%: no teleportation, wizardry (x2)
@: snake-form, gold aura, flying, inugami summoned
A: constrict, boosted hp, almost no armour, amphibious, 8 rings, large,
(camouflage 1), (gelatinous body 1), (nimble swimmer 1), (tentacles)
a: Begin Untransformation, Renounce Religion, Potion Petition, Call Merchant,
Bribe Branch


You were in a Gauntlet.
You worshipped Gozag.
Gozag was most pleased with you.
You were an enormous serpent.
You visited 3 branches of the dungeon, and saw 14 of its levels.
You also visited: Gauntlet.

You collected 3125 gold pieces.
You spent 1246 gold pieces at shops.
You paid 64 gold pieces to Gozag.


Innate Abilities, Weirdness & Mutations

You are an enormous serpent.
You have a powerful constriction melee attack.
Your maximum health is increased.
Your armour is entirely melded.
You are incapable of wielding weapons or throwing items.
You cannot wear most types of armour.
You are amphibious.
You can wear up to eight rings at the same time.
((Your skin changes colour to match your surroundings (Stealth+).))
((Your rubbery body absorbs attacks. (AC +1, EV +1)))
((You are camouflaged when in or above water. (Stealth+)))
((You have tentacles for arms and can constrict up to eight enemies at once.))


   Skills:
 + Level 9.3 Fighting
 - Level 5.0 Dodging
 - Level 5.0 Stealth
 - Level 9.0 Unarmed Combat
 - Level 1.0 Spellcasting
 - Level 12.0 Summonings
 - Level 12.0 Shapeshifting


You had 4 spell levels left.
You knew the following spells:

 Your Spells              Type           Power      Damage    Failure   Level
c - Call Canine Familiar  Summ           54%        N/A       1%          3
h - Summon Hydra          Summ           27%        N/A       22%         7

Your spell library contained the following spells:

 Spells                   Type           Power      Damage    Failure   Level
 Summon Small Mammal      Summ           100%       N/A       1%          1
 Call Imp                 Summ           100%       N/A       1%          2
 Summon Blazeheart Golem  Fire/Summ      28%        N/A       3%          4
 Apportation              Tloc           2%         N/A       4%          1
 Freeze                   Ice            4%         1d3       4%          1
 Ensorcelled Hibernation  Hex/Ice        2%         N/A       6%          2
 Jinxbite                 Hex            2%         N/A       6%          2
 Sublimation of Blood     Necr           1%         N/A       6%          2
 Frozen Ramparts          Ice            2%         1d1       11%         3
 Hailstorm                Conj/Ice       1%         3d5       11%         3
 Passwall                 Erth           1%         N/A       11%         3
 Swiftness                Air            1%         N/A       11%         3
 Tukima's Dance           Hex            1%         N/A       11%         3
 Volatile Blastmotes      Fire/Tloc      2%         2d10      11%         3
 Dimensional Bullseye     Hex/Tloc       0%         N/A       32%         4
 Fulminant Prism          Conj/Alch      0%         3d5       32%         4
 Iskenderun's Mystic Bla  Conj/Tloc      1%         2d3       32%         4
 Alistair's Intoxication  Alch           0%         N/A       65%         5
 Borgnjor's Vile Clutch   Necr/Erth      0%         N/A       65%         5
 Eringya's Noxious Bog    Alch           0%         4d6       99%         6

Inventory:

Hand Weapons
 e - a +1 dagger of venom (melded)
Missiles
 m - 6 poisoned darts (quivered)
Armour
 c - a +1 hat (melded)
Jewellery
 v - a ring of see invisible (on tentacle)
 z - a ring of wizardry (on tentacle)
 F - a ring of fire
 I - a +6 ring of intelligence (on tentacle)
 L - a ring of flight (left tentacle)
 P - a ring of poison resistance (right tentacle)
 T - a +4 ring of protection (on tentacle)
 Y - a +4 ring of slaying (on tentacle)
 Z - a ring of wizardry (on tentacle)
Talismans
 r - a serpent talisman (active)
 O - a dragon-blood talisman
 R - a blade talisman
Wands
 p - a wand of mindburst (27)
 D - a wand of roots (14)
 H - a wand of paralysis (13)
 J - a wand of flame (11)
Scrolls
 d - 2 scrolls of brand weapon {unknown}
 f - 5 scrolls of butterflies
 g - 3 scrolls of fog
 h - 4 scrolls of blinking
 i - 2 scrolls of teleportation {@r2}
 l - 3 scrolls of enchant weapon {unknown}
 n - 2 scrolls of poison {unknown}
 o - a scroll of immolation {unknown}
 q - 2 scrolls of silence {unknown}
 s - 3 scrolls of torment
 y - 3 scrolls of fear
 B - 2 scrolls of acquirement {unknown}
 C - 3 scrolls of enchant armour
 E - 3 scrolls of noise {unknown}
 G - a scroll of amnesia
 N - 2 scrolls of vulnerability
Potions
 a - 6 potions of lignification
 j - a potion of invisibility
 k - 4 potions of attraction
 t - 2 potions of curing {@q1}
 u - a potion of haste {@q3}
 w - a potion of might
 x - a potion of berserk rage {!q}
 A - 2 potions of magic
 M - a potion of mutation

Dungeon Overview and Level Annotations

Branches:
Dungeon (11/15)            Temple (1/1) D:4            Lair (2/5) D:11
    Orc (0/2) D:9         Gauntlet (1/1)
  Swamp: Lair:2-3    Shoals: Lair:2-3     Snake: Lair:2-3    Spider: Lair:2-3

Altars:
Ashenzari
Cheibriados
Dithmenos
Elyvilon
Fedhas
Gozag
Hepliaklqana
Kikubaaqudgha
Makhleb
Nemelex Xobeh
Okawaru
Qazlal
Ru
Sif Muna
Trog
Uskayaw
Vehumet
Wu Jian
Xom
Yredelemnul
Zin
The Shining One

Shops:
D:3 ?   D:11 (*:*(

Annotations:
Gauntlet 17 transporters

......G▒.▒.........▒.▒Z........▒.
#.##.#G▒.▒..##.##..▒.▒.##...##.▒.
..#...G▒.▒.##...##.▒.▒..##.##..▒.
.##.##.▒.▒.#.....#.▒.▒...#.#..?▒▒
.#©.#..▒.▒....©....▒.▒....©▒..©▒©
##.##..▒.▒.#.$§..#.▒.▒...#.#..:▒.
#..#...▒.▒.##...##.▒.▒..##.##..▒.
#.##.#.▒.▒..##h##..▒.▒.##...##.▒.
.......▒.▒...hhhS..▒.▒Z........▒.
▒▒▒▒▒▒▒▒▒▒▒▒▒▒▒▒▒▒▒▒▒▒▒▒▒▒▒▒▒▒▒▒.
8≈≈▒©.........©.........©▒≈≈8≈≈▒.
▒▒▒▒▒▒▒▒▒▒▒▒▒▒▒▒▒▒▒▒▒▒▒▒▒▒▒▒▒▒▒▒.
........©▒≈≈≈≈8≈≈≈§▒©...........©
▒▒▒▒▒▒▒▒▒▒▒▒▒▒▒▒▒▒▒▒▒▒▒▒▒▒▒▒▒▒▒▒▒
.▒.▒.........▒.▒Z...▒Z...▒.▒.?▒▒.
.▒.▒.........▒.▒...▒.▒...▒.▒?▒▒.▒
.▒.▒..░...░..▒.▒..▒.©.▒..▒.▒[▒.▒▒


You could see a spectral black mamba, a spectral death yak, 3 wolves, a centaur
warrior simulacrum and a friendly inugami (summoned).


Message History

The wolf bites your inugami.
Your inugami hits the wolf!
Your inugami barely misses the wolf.
Your inugami hits the wolf but does no damage.
The wolf closely misses your inugami.
The wolf howls!
You feel better.
Your inugami completely misses the wolf.
Unknown command.
You barely miss the wolf.
The wolf is no longer distracted by gold.
Your grab misses the wolf. The wolf bites you!
* * * LOW HITPOINT WARNING * * *
The wolf bites your inugami. The wolf bites you but does no damage.
The wolf closely misses your inugami. The wolf bites your inugami.
Your inugami misses the wolf. You lash the wolf! You grab the wolf.
The wolf is heavily wounded.
You constrict the wolf, but do no damage.
The wolf closely misses you. The wolf bites you but does no damage.
The wolf bites your inugami! The wolf barely misses your inugami.
Your inugami hits the wolf. The wolf barely misses you.
Unknown command.
You lash the wolf!
The wolf is almost dead.
You constrict the wolf. The wolf misses your inugami. The wolf bites you.
* * * LOW HITPOINT WARNING * * *
The wolf closely misses your inugami. The wolf misses your inugami.
The wolf bites your inugami. The wolf bites you!
You die...
Your body crumbles into a pile of gold.

Skill      XL: |  1  2  3  4  5  6  7  8  9 10 11 12 13 |
---------------+----------------------------------------+-----
Fighting       | 2 5 6 7 8 9 |  9.3
Shapeshifting  | 5 6 7 9 11 12 | 12.0
Unarmed Combat | 5 7 8 9 |  9.0
Summonings     | 2 4 11 12 | 12.0
Spellcasting   | 1 |  1.0
Stealth        | 5 |  5.0
Dodging        | 5 |  5.0

Action                     |  1- 3 |  4- 6 |  7- 9 | 10-12 | 13-15 || total
---------------------------+-------+-------+-------+-------+-------++-------
  Melee: Unarmed           |    17 |     4 |   183 |   467 |    68 ||   739
         Dagger            |    44 |    81 |    84 |       |       ||   209
         Constrict         |    12 |    29 |    72 |   125 |    18 ||   256
         Tentacles         |    11 |    18 |    72 |    12 |       ||   113
         Punch             |       |     2 |     3 |       |       ||     5
   Cast: Call Canine Famil |       |       |     2 |    15 |     3 ||    20
  Evoke: Wand              |       |       |       |     1 |       ||     1
    Use: Potion            |     2 |       |     2 |     3 |     1 ||     8
         Scroll            |       |       |     5 |     2 |     3 ||    10
   Stab: Sleeping          |     5 |     6 |     3 |     2 |       ||    16
         Distracted        |       |       |     1 |     5 |       ||     6
 Armour: Skin              |    23 |    30 |   135 |   383 |    73 ||   644
  Dodge: Dodged            |    25 |    40 |   202 |   239 |    35 ||   541
   Form: Flux              |       |       |     1 |       |       ||     1
         Serpent           |       |       |       |     1 |       ||     1

Levels and vault maps discovered:
D:1:      dpeg_arrival_chambers_temple_mockup, layout_rooms
D:2:      layout_rooms, fountainhead, minmay_goblin_outpost, uniq_sigmund
D:3:      layout_basic, cheibrodos_worm_habitat, serial_shops,
          nicolae_shop_hallway_stairs, serial_corexii_hall,
          corexii_hall_statues_s, corexii_hall_statues_i,
          corexii_hall_statues_i, corexii_hall_statues_x,
          corexii_hall_statues_s, corexii_hall_statues_l
D:4:      layout_cave_pods, lemuel_tele_altar, nicolae_ru_the_path_less_chosen,
          minmay_temple_entry_slanted
D:5:      minmay_recursive_quarters, layout_rooms, grunt_ministairs_3
D:6:      layout_basic, grunt_dithmenos_smoke_and_mirrors,
          mainiacjoe_overflow_boulevard
D:7:      layout_loops_ring, kiku_gazebo_garden_becter
D:8:      minmay_quarter_circles, layout_rooms,
          lemuel_mausoleum_altar_yredelemnul,
          mainiacjoe_overflow_concentric_impassable, serial_co_window_serial,
          co_window_paths_b, co_window_corner_a, co_window_paths_a,
          co_window_paths_b, co_window_cross_1, co_window_paths_a,
          co_window_paths_b, co_window_broadway_b, co_window_broadway_c,
          co_window_paths_c
D:9:      layout_stronghold, mainiacjoe_overflow_catwalk,
          nicolae_overflow_hidden_temple, hellmonk_sif_muna_bookshelves,
          orc_0_dummy
D:10:     layout_basic, xom_teletrap_fun, grunt_temple_overflow_open,
          uniq_nergalle, uniq_grum, uniq_amaemon
D:11:     layout_rooms, erik_lair_dragon, serial_shops, shop, shop,
          nicolae_shop_hallway_stairs, shop, nicolae_shop_crystal
Temple:   hellmonk_temple_rainy
Lair:1:   layout_cave_shapes, st_stairs_5, serial_bayou_pond_e,
          serial_bayou_shore_b, grunt_megastairs_4, lemuel_fruit_tree
Lair:2:   layout_hall_layers, gauntlet_entry_generic, beast_lair_carwin_3,
          uniq_erica
Gauntlet: gammafunk_gauntlet_one_two_three
          [gammafunk_gauntlet_arena_split_diamond,
          gammafunk_gauntlet_arena_split_x, nicolae_gauntlet_arena_grate_2,
          nicolae_gauntlet_arena_blocks, gammafunk_gauntlet_arena_spirals,
          gammafunk_gauntlet_arena_arrow_garden,
          gammafunk_gauntlet_arena_hedges, gammafunk_gauntlet_arena_corners,
          nicolae_gauntlet_arena_t_cross,
          nicolae_gauntlet_exit_dead_adventurers]

Notes
Turn   | Place    | Note
-------+----------+-------------------------------------------
     0 | D:1      | Nanomancer the Octopode Shapeshifter began the quest for
                  | the Orb.
     0 | D:1      | Reached XP level 1. HP: 13/13 MP: 1/1
   312 | D:1      | Reached skill level 2 in Fighting
   312 | D:1      | Reached XP level 2. HP: 13/19 MP: 2/2
   498 | D:1      | Reached XP level 3. HP: 13/25 MP: 3/3
   505 | D:1      | HP: 2/25 [poisoned by a kobold]
   713 | D:1      | Reached skill level 3 in Fighting
   918 | D:2      | Noticed Sigmund
   946 | D:2      | Killed Sigmund
   947 | D:2      | Reached skill level 5 in Fighting
   947 | D:2      | Reached XP level 4. HP: 35/35 MP: 4/4
   947 | D:2      | Reached XP level 5. HP: 39/39 MP: 5/5
  1399 | D:2      | Reached XP level 6. HP: 45/45 MP: 6/6
  1533 | D:3      | Found Ytaos's Magic Scroll Shoppe.
  1542 | D:3      | Reached skill level 4 in Shapeshifting
  1580 | D:3      | Found a snail-covered altar of Cheibriados.
  2606 | D:4      | Found a sacrificial altar of Ru.
  2652 | D:4      | Reached skill level 5 in Shapeshifting
  2763 | D:4      | Found a staircase to the Ecumenical Temple.
  2772 | D:4      | Reached XP level 7. HP: 47/50 MP: 7/7
  2776 | Temple   | Entered the Ecumenical Temple
  2788 | Temple   | Became a worshipper of Gozag Ym Sagoz the Greedy
  2849 | D:3      | Bought a scroll of butterflies for 56 gold pieces
  2849 | D:3      | Bought a scroll of identify for 28 gold pieces
  2877 | D:5      | Entered Level 5 of the Dungeon
  3023 | D:5      | Reached skill level 4 in Unarmed Combat
  3235 | D:5      | Reached skill level 6 in Shapeshifting
  3455 | D:5      | Reached skill level 5 in Unarmed Combat
  3455 | D:5      | Reached XP level 8. HP: 48/55 MP: 8/8
  3719 | D:5      | Reached skill level 7 in Shapeshifting
  3948 | D:5      | Learned a level 3 spell: Call Canine Familiar
  4007 | D:6      | Reached skill level 1 in Summonings
  4425 | D:6      | Reached skill level 2 in Summonings
  4616 | D:6      | Found a white marble altar of Elyvilon.
  4769 | D:6      | Found a shadowy altar of Dithmenos.
  5125 | D:7      | Found an ancient bone altar of Kikubaaqudgha.
  5153 | D:7      | Reached skill level 6 in Fighting
  5153 | D:7      | Reached XP level 9. HP: 61/62 MP: 9/9
  5269 | D:7      | Reached skill level 6 in Unarmed Combat
  5656 | D:7      | Reached skill level 8 in Shapeshifting
  5896 | D:3      | Bought a scroll of fog for 56 gold pieces
  5896 | D:3      | Bought a scroll of enchant armour for 105 gold pieces
  5896 | D:3      | Bought a scroll of amnesia for 56 gold pieces
  5896 | D:3      | Bought a scroll of torment for 133 gold pieces
  5896 | D:3      | Bought a scroll of blinking for 105 gold pieces
  6025 | D:4      | Found a glowing golden altar of the Shining One.
  6378 | D:8      | Found a hazy altar of Hepliaklqana.
  6542 | D:8      | Reached skill level 7 in Fighting
  6542 | D:8      | Reached skill level 7 in Unarmed Combat
  6745 | D:8      | Reached skill level 9 in Shapeshifting
  6823 | D:8      | Found a basalt altar of Yredelemnul.
  6863 | D:8      | Reached XP level 10. HP: 64/71 MP: 10/10
  7006 | D:8      | Reached skill level 10 in Shapeshifting
  7048 | D:8      | Reached skill level 3 in Summonings
  7279 | D:8      | Reached skill level 4 in Summonings
  7362 | D:8      | Noticed a red ugly thing
  7367 | D:8      | Killed a red ugly thing
  7766 | D:8      | Noticed a two-headed ogre
  7778 | D:8      | Killed a two-headed ogre
  8392 | D:8      | Noticed a gargoyle
  8400 | D:8      | Killed a gargoyle
  8401 | D:8      | Reached skill level 8 in Unarmed Combat
  8401 | D:8      | Reached skill level 11 in Shapeshifting
  8409 | D:8      | Reached skill level 8 in Fighting
  8660 | D:8      | Reached skill level 1 in Spellcasting
  8660 | D:8      | Reached XP level 11. HP: 77/77 MP: 12/12
  8852 | D:9      | Found a staircase to the Orcish Mines.
  8926 | D:9      | Reached skill level 1 in Stealth
  9068 | D:9      | Noticed a manticore
  9447 | D:9      | Reached skill level 2 in Stealth
  9577 | D:9      | Found a stormy altar of Qazlal.
  9654 | D:9      | Noticed a two-headed ogre
  9664 | D:9      | Killed a two-headed ogre
  9665 | D:9      | Reached skill level 3 in Dodging
  9665 | D:9      | Reached skill level 3 in Stealth
  9952 | D:9      | Found a broken altar of Ashenzari.
 10254 | D:9      | Found a shimmering blue altar of Sif Muna.
 10337 | D:9      | Killed a manticore
 10338 | D:9      | Reached skill level 4 in Stealth
 10521 | D:10     | Entered Level 10 of the Dungeon
 10535 | D:10     | Noticed a two-headed ogre
 10545 | D:10     | Killed a two-headed ogre
 10667 | D:10     | Noticed a two-headed ogre
 10671 | D:10     | Found a shimmering altar of Xom.
 10675 | D:10     | Killed a two-headed ogre
 10676 | D:10     | Reached skill level 4 in Dodging
 10861 | D:10     | Reached skill level 5 in Stealth
 10885 | D:10     | Reached skill level 9 in Fighting
 10885 | D:10     | Reached skill level 9 in Unarmed Combat
 10892 | D:10     | Noticed Amaemon
 11026 | D:10     | Reached skill level 5 in Dodging
 11114 | D:10     | Killed Amaemon
 11625 | D:10     | Found a hide-covered altar of Uskayaw.
 11625 | D:10     | Found an ornate altar of the Wu Jian Council.
 11639 | D:10     | Noticed a two-headed ogre
 11640 | D:10     | You are sucked into a shaft and drop 1 floor!
 11700 | D:11     | Reached XP level 12. HP: 56/85 MP: 13/13
 11720 | D:11     | Found Busoelu's Book Shop.
 11728 | D:11     | Bought a book of Blood for 504 gold pieces
 11736 | D:11     | Learned a level 7 spell: Summon Hydra
 11929 | D:10     | Noticed Grum
 11933 | D:10     | Noticed Nergalle
 11943 | D:10     | Killed Nergalle
 11944 | D:10     | Reached skill level 12 in Shapeshifting
 11957 | D:10     | HP: 9/102 [Grum/+1 glaive (14)]
 11958 | D:10     | Reached skill level 5 in Summonings
 11961 | D:10     | Killed Grum
 12248 | D:10     | Killed a two-headed ogre
 12320 | D:10     | Reached skill level 6 in Summonings
 12555 | D:11     | Found Gattuq's Antique Weapon Shoppe.
 12727 | D:11     | Found Jotsirgh's General Store.
 12901 | D:11     | Bought a potion of attraction for 42 gold pieces
 12901 | D:11     | Bought a scroll of vulnerability for 56 gold pieces
 12970 | D:11     | Found Beclum's Antique Weapon Boutique.
 12981 | D:11     | Reached skill level 7 in Summonings
 13144 | D:11     | Found Saozaziux's Assorted Antiques.
 13192 | D:11     | Bought a tourmaline ring for 105 gold pieces
 13228 | D:11     | Reached skill level 8 in Summonings
 13318 | D:11     | Found a staircase to the Lair.
 13754 | Lair:1   | Entered Level 1 of the Lair of Beasts
 13929 | Lair:1   | Reached skill level 9 in Summonings
 14187 | Lair:1   | Reached skill level 10 in Summonings
 14422 | Lair:1   | Reached skill level 11 in Summonings
 14422 | Lair:1   | Reached XP level 13. HP: 37/90 MP: 11/14
 15527 | Lair:2   | Reached skill level 12 in Summonings
 15723 | Lair:2   | Found a gate leading to a gauntlet.
 15733 | Gauntlet | Entered a Gauntlet
 15733 | Gauntlet | Found a transporter.
 15747 | Gauntlet | Found a transporter.
 15757 | Gauntlet | Found a transporter.
 15762 | Gauntlet | Found a transporter.
 15781 | Gauntlet | Found a transporter.
 15796 | Gauntlet | Found a transporter.
 15811 | Gauntlet | Found a transporter.
 15823 | Gauntlet | Found a transporter.
 15829 | Gauntlet | Found a transporter.
 15829 | Gauntlet | Found a transporter.
 15844 | Gauntlet | Found a transporter.
 15852 | Gauntlet | Found a transporter.
 15852 | Gauntlet | Found a transporter.
 15869 | Gauntlet | Found a transporter.
 15875 | Gauntlet | Found a transporter.
 15914 | Gauntlet | Found a transporter.
 15939 | Gauntlet | Found a transporter.
 15963 | Gauntlet | Found a transporter.
 16145 | Gauntlet | HP: 5/108 [wolf (7)]
 16150 | Gauntlet | HP: 1/108 [wolf (5)]
 16150 | Gauntlet | Mangled by a wolf

Vanquished Creatures
  4 two-headed ogres
  Nergalle (D:10)
  Amaemon (D:10)
  An ugly thing (D:8)
  A deep elf pyromancer (D:11)
  A moth of wrath (Gauntlet)
  A black mamba (Lair:1)
  8 cane toads
  2 gargoyles
  An orange demon (D:10)
  A rime drake (Lair:1)
  9 komodo dragons
  An unseen horror zombie (D:8)
  2 trolls
  5 blink frogs (Lair:1)
  Sigmund (D:2)
  4 wyverns
  A shadow (D:9)
  24 yaks
  3 steam dragons
  2 basilisks (D:11)
  A wraith (D:10)
  Grum (D:10)
  4 water moccasins
  2 acid dragons (D:9)
  A swamp drake (D:11)
  3 orc warriors
  2 black bears
  An ice beast (D:7)
  A hornet zombie (D:8)
  2 wolves (D:10)
  7 centaurs
  12 bullfrogs
  3 kobold brigands (D:8)
  3 gnoll sergeants
  2 scorpions
  13 wights
  9 killer bees
  7 howler monkeys
  8 hounds
  A human zombie (D:8)
  6 jellies
  3 centaur zombies (D:8)
  6 orc priests
  3 gnoll boudas
  9 orc wizards
  5 iguanas
  2 killer bee zombies (D:8)
  A mummy (D:8)
  34 gnolls
  6 adders
  2 white imps
  3 ufetubi
  5 dart slugs
  2 ribbon worms
  27 orcs
  13 ball pythons
  6 endoplasms
  15 goblins
  5 hobgoblins
  4 jackals (D:2)
  3 quokkas
  4 bats
  4 frilled lizards
  6 kobolds
  5 rats
336 creatures vanquished.

Vanquished Creatures (collateral kills)
  A two-headed ogre (D:10)
  A manticore (D:9)
  3 yaks (D:11)
  A wolf (Gauntlet)
  A gnoll sergeant (D:10)
  A killer bee (D:9)
  2 adders (D:6)
10 creatures vanquished.

Vanquished Creatures (others)
  A vampire (D:11)
1 creature vanquished.

Grand Total: 347 creatures vanquished

Table legend: (Time is in decaauts)
 A = Elapsed time spent in this place.
 B = Non-inter-level travel time spent in this place.
 C = Inter-level travel time spent in this place.
 D = Time resting spent in this place.
 E = Time spent auto-exploring this place.
 F = Levels seen in this place.
 G = Mean time per level.
                   A        B        C        D        E       F      G
               +--------+--------+--------+--------+--------+-----+--------+
         Total |  16037 |  15333 |    704 |   3240 |   9522 |  15 | 1069.1 |
       Dungeon |  13643 |  12984 |    659 |   2546 |   8292 |  11 | 1240.3 |
        Temple |     24 |     12 |     12 |      0 |      0 |   1 |   24.0 |
          Lair |   1954 |   1922 |     32 |    694 |    955 |   2 |  977.0 |
      Gauntlet |    414 |    414 |      0 |      0 |    275 |   1 |  414.0 |
               +--------+--------+--------+--------+--------+-----+--------+

Top non-repeatable levels by time:
     D:8: 2778 daAuts
    D:10: 1733 daAuts
  Lair:1: 1626 daAuts
     D:9: 1562 daAuts
    D:11: 1284 daAuts
     D:4: 1156 daAuts
     D:5: 1069 daAuts
     D:7: 964 daAuts
     D:1: 876 daAuts
     D:3: 795 daAuts
     D:6: 770 daAuts
     D:2: 651 daAuts
Gauntlet: 414 daAuts
  Lair:2: 328 daAuts
  Temple: 24 daAuts

Table legend:
 A = Non-vault XP
 B = Vault XP
 C = Vault XP percentage of total XP
 D = Non-vault monster count
 E = Vault monster count
 F = Vault count percentage of total count
                 A         B        C        D         E       F
            +---------+---------+-------+---------+---------+-------
      Total |   24951 |   11495 |  31.5 |     271 |      76 |  21.9
            +---------+---------+-------+---------+---------+-------
        D:1 |      48 |       0 |   0.0 |      29 |       0 |   0.0
        D:2 |      40 |     235 |  85.5 |      17 |       6 |  26.1
        D:3 |      66 |       4 |   5.7 |      12 |       1 |   7.7
        D:4 |     238 |       0 |   0.0 |      15 |       0 |   0.0
        D:5 |     699 |     270 |  27.9 |      31 |       8 |  20.5
        D:6 |     634 |       0 |   0.0 |      17 |       0 |   0.0
        D:7 |    1044 |       0 |   0.0 |      18 |       0 |   0.0
        D:8 |    1136 |    4948 |  81.3 |      21 |      41 |  66.1
        D:9 |    3141 |       0 |   0.0 |      26 |       0 |   0.0
       D:10 |    5037 |    2359 |  31.9 |      30 |       6 |  16.7
       D:11 |    3979 |    1106 |  21.8 |      23 |       5 |  17.9
     Lair:1 |    7439 |    1959 |  20.8 |      26 |       7 |  21.2
     Lair:2 |    1450 |       0 |   0.0 |       6 |       0 |   0.0
   Gauntlet |       0 |     614 | 100.0 |       0 |       2 | 100.0
            +---------+---------+-------+---------+---------+-------
